 Dungeon Crawl Stone Soup version 0.23-a0-644-gb60d84b (webtiles) character file.

282 Borgoz the Ruffian (level 6, -10/50 HPs)
             Began as a Ghoul Gladiator on Jan 1, 2019.
             Killed by divine providence
             ... invoked by an orc priest
              (14 damage)
             ... on level 3 of the Dungeon.
             The game lasted 00:03:44 (2154 turns).

Borgoz the Ruffian (Ghoul Gladiator)                Turns: 2154, Time: 00:03:45

Health: -10/50     AC:  4    Str: 18    XL:     6   Next: 28%
Magic:  5/5        EV: 19    Int:  3    God:
Gold:   158        SH:  0    Dex: 17    Spells: 5/5 levels left

rFire    . . .     SeeInvis .     - Unarmed
rCold    + . .     Gourm    .   (no shield)
rNeg     + + +     Faith    .   a - +0 leather armour
rPois    ∞         Spirit   .   b - +0 helmet
rElec    .         Reflect  .   (no cloak)
rCorr    .         Harm     .   (no gloves)
MR       .....                  (no boots)
Stlth    ++........             (no amulet)
HPRegen  0.00/turn              (no ring)
MPRegen  0.09/turn              (no ring)

@: agile, rotting
A: rotting body, claws 1, carnivore, cold resistance 1, negative energy
resistance 3, inhibited regeneration, torment resistance, unbreathing
a: no special abilities


You were on level 3 of the Dungeon.
You were not hungry.

You visited 1 branch of the dungeon, and saw 4 of its levels.

You collected 158 gold pieces.

Inventory:

Missiles
 c - 3 throwing nets (quivered)
Armour
 a - a +0 leather armour (worn)
 b - a +0 helmet (worn)
Jewellery
 m - an uncursed ring of positive energy {unknown}
 v - a cursed -3 ring of evasion {unknown}
Scrolls
 f - a scroll of fear {unknown}
 g - 9 scrolls of identify {unknown}
 i - a scroll of immolation {unknown}
 k - 4 scrolls of remove curse {unknown}
 l - 2 scrolls of teleportation {unknown}
 n - a scroll of enchant weapon {unknown}
 o - a scroll of enchant armour {unknown}
Potions
 e - a potion of mutation
 q - a potion of flight
 s - a potion of might {unknown}
 t - 2 potions of curing {unknown}
 u - a potion of degeneration {unknown}
Comestibles
 d - 5 rations
 h - 3 chunks of flesh


   Skills:
 + Level 2.7 Fighting
 - Level 1.7 Throwing
 + Level 2.2 Armour
 + Level 3.7 Dodging
 + Level 5.8 Unarmed Combat


You had 5 spell levels left.
You didn't know any spells.
Your spell library was empty.

Dungeon Overview and Level Annotations

Branches:
Dungeon (4/15)
 Temple: D:4-7

Altars:
Trog


Innate Abilities, Weirdness & Mutations

Your body is rotting away.
You thrive on raw meat.
You are immune to poison.
You have sharp fingernails.
You are carnivorous and can eat meat at any time.
Your flesh is cold resistant. (rC+)
You are immune to negative energy. (rN+++)
You do not regenerate when monsters are visible.
You are immune to unholy pain and torment.
You can survive without breathing.


Message History

The orc priest is moderately wounded.
The orc wizard gestures wildly while chanting.
The orc wizard blinks!
The orc priest barely misses you. The orc misses you.
The orc barely misses you.
You scratch the orc priest.
The orc priest is moderately wounded.
The orc wizard gestures wildly while chanting.
The orc wizard blinks!
The orc wizard mumbles some strange words.
The orc wizard blinks!
You closely miss the orc. The orc priest misses you. The orc misses you.
The orc closely misses you.
The orc wizard casts a spell.
The orc wizard blinks!
You claw the orc!
You kill the orc!
The orc wizard hits you but does no damage.
The orc priest calls down the wrath of Beogh upon you.
Beogh smites you!
You die...

....##........##.#
####...#
....##.........#.#
#......#
....##########.#.#
#......# ÷...# #..§#
#>.....# ....# ##..#
##......# ....#
####..# #.......#
....# #.....#
#...##### ....#
#...oo###...######
#####
#§..o@)..........#
#########...####.#
### #.........# #.#
#.. #.........#
#.###.. #.........#
#...... #.......###
#.##...
#.......#########.##
#.................#.
#.......########..#.


You could see an orc priest, an orc wizard and an orc.

Vanquished Creatures
  Sigmund (D:3)
  Terence (D:3)
  4 adders
  2 oozes
  A worm (D:2)
  2 dart slugs
  3 orcs (D:3)
  A ball python (D:1)
  5 bats
  5 giant cockroaches
  6 goblins
  5 hobgoblins
  2 jackals (D:1)
  3 frilled lizards
  8 kobolds
  8 rats
57 creatures vanquished.

Notes
Turn   | Place    | Note
-------+----------+-------------------------------------------
     0 | D:1      | Borgoz the Ghoul Gladiator began the quest for the Orb.
     0 | D:1      | Reached XP level 1. HP: 17/17 MP: 0/0
   107 | D:1      | Reached XP level 2. HP: 24/24 MP: 1/1
   638 | D:1      | Reached XP level 3. HP: 28/28 MP: 2/2
   805 | D:2      | Reached skill level 4 in Unarmed Combat
   900 | D:2      | Reached XP level 4. HP: 24/37 MP: 3/3
   989 | D:2      | Reached skill level 1 in Armour
  1551 | D:3      | Found a bloodstained altar of Trog.
  1616 | D:3      | Noticed Terence
  1623 | D:3      | Killed Terence
  1665 | D:3      | Reached XP level 5. HP: 41/42 MP: 4/4
  1949 | D:3      | Noticed Sigmund
  1964 | D:3      | Killed Sigmund
  1964 | D:3      | Reached skill level 5 in Unarmed Combat
  1964 | D:3      | Reached XP level 6. HP: 32/50 MP: 5/5
  2154 | D:3      | Killed from afar by an orc priest

Vault maps used:
D:1:      minmay_arrival_five_plusses, minmay_tetromino_l4
D:3:      bloody_trog, uniq_sigmund, uniq_terence

Skill      XL: |  1  2  3  4  5 |
---------------+----------------+-----
Dodging        | 3 |  3.7
Unarmed Combat | 4 5 |  5.8
Armour         | 1 2 |  2.2
Fighting       | |  2.7
Throwing       | |  1.7

Action                   |  1- 3 |  4- 6 || total
-------------------------+-------+-------++-------
Melee: Unarmed           |   101 |   124 ||   225
       Punch             |     2 |     1 ||     3
  Use: Potion            |       |     5 ||     5
 Stab: Invisible         |       |     1 ||     1
  Eat: Chunk             |     8 |    13 ||    21
Armor: Leather armour    |    29 |    37 ||    66
Dodge: Dodged            |    48 |    98 ||   146

Table legend:
 A = Non-vault XP
 B = Vault XP
 C = Vault XP percentage of total XP
 D = Non-vault monster count
 E = Vault monster count
 F = Vault count percentage of total count
                 A         B        C        D         E       F
            +---------+---------+-------+---------+---------+-------
      Total |     154 |     250 |  61.9 |      51 |       6 |  10.5
            +---------+---------+-------+---------+---------+-------
        D:1 |      30 |       6 |  16.7 |      17 |       4 |  19.0
        D:2 |      69 |       0 |   0.0 |      20 |       0 |   0.0
        D:3 |      55 |     244 |  81.6 |      14 |       2 |  12.5
            +---------+---------+-------+---------+---------+-------
